 Dungeon Crawl Stone Soup version 0.29.0-4-gdea44cf6ec (webtiles) character file.

Game seed: 16884022981514386681

20419 qw the Brawler (level 12, -13/114 HPs)
             Began as a Troll Cinder Acolyte on Sept 1, 2022.
             Was a Believer of Okawaru.
             Mangled by a death yak (21 damage)
             ... on level 4 of the Lair of Beasts.
             The game lasted 00:06:17 (10787 turns).

qw the Brawler (Troll Cinder Acolyte)              Turns: 10787, Time: 00:06:17

Health: -13/114    AC: 12    Str: 33    XL:     12   Next: 45%
Magic:  14/14      EV: 10    Int: 14    God:    Okawaru [**....]
Gold:   785        SH: 12    Dex:  9    Spells: 13/13 levels left

rFire   . . .      SeeInvis .     - Unarmed
rCold   . . .      Faith    .   i - +0 kite shield
rNeg    . . .      Spirit   .   p - +4 robe of Augmentation {Str+4 Int+4 Dex+4}
rPois   .          Reflect  .   (helmet restricted)
rElec   .          Harm     .   a - +1 cloak {Will+}
rCorr   .          Rampage  .   (gloves unavailable)
Will    ++...                   (boots unavailable)
Stlth   +++.......              m - amulet of the acrobat
HPRegen 1.09/turn               (no ring)
MPRegen 0.14/turn               (no ring)

@: about to teleport, heroic, fire susceptible
A: large, unfitting armour, claws 3, regeneration 1, shaggy fur 1, tough skin 1,
hooves 1, iridescent scales 1, strong-willed 1
a: Renounce Religion, Heroism


You were on level 4 of the Lair of Beasts.
You worshipped Okawaru.
Okawaru was pleased with you.
You visited 3 branches of the dungeon, and saw 13 of its levels.

You collected 785 gold pieces.


Innate Abilities, Weirdness & Mutations

You are too large for most types of armour.
You have claws for hands.
Your natural rate of healing is unusually fast.
You are covered in fur. (AC +1)
You have tough skin. (AC +1)
You have large cloven feet.
You are partially covered in iridescent scales. (AC +2)
You are strong-willed. (Will+)


   Skills:
 - Level 6.0(11.0) Fighting
 - Level 4.3(9.3) Throwing
 - Level 1.3(6.3) Armour
 - Level 2.0(7.0) Dodging
 + Level 10.0(15.0) Shields
 - Level 15.0(20.0) Unarmed Combat
 - Level 1.0 Spellcasting
 - Level 2.1 Fire Magic
 - Level 4.0 Invocations


You had 13 spell levels left.
You didn't know any spells.
Your spell library contained the following spells:

 Spells                   Type           Power      Damage    Failure   Level
 Scorch                   Fire           12%        2d6       24%         2

Inventory:

Missiles
 e - a javelin (quivered)
 n - 10 boomerangs
Armour
 a - a +1 cloak of willpower (worn)
 i - a +0 kite shield (worn)
 p - the +4 robe of Augmentation (worn) {Str+4 Int+4 Dex+4}
   (You took it off an orc wizard on level 7 of the Dungeon)

   Str:       It affects your strength (+4).
   Int:       It affects your intelligence (+4).
   Dex:       It affects your dexterity (+4).
Jewellery
 b - a ring of ice
 m - an amulet of the acrobat (around neck)
Scrolls
 f - a scroll of identify
 k - 3 scrolls of teleportation
Potions
 c - a potion of haste
 d - 4 potions of mutation
 g - 5 potions of curing
 j - 2 potions of cancellation
 l - a potion of magic {unknown}
 o - a potion of heal wounds {unknown}
 q - a potion of flight {unknown}
 r - a potion of might {unknown}

Dungeon Overview and Level Annotations

Branches:
Dungeon (8/15)             Temple (1/1) D:5            Lair (4/5) D:8
  Swamp (0/4) Lair:2       Spider (0/4) Lair:2
  Slime: Lair:4-5

Altars:
Ashenzari
Cheibriados
Dithmenos
Elyvilon
Fedhas
Gozag
Hepliaklqana
Kikubaaqudgha
Makhleb
Nemelex Xobeh
Okawaru
Qazlal
Ru
Sif Muna
Trog
Uskayaw
Vehumet
Wu Jian
Xom
Yredelemnul
Zin

Annotations:
Temple 4 transporters
Lair:1 2 transporters, qw's ghost, novice TeWr
Lair:3 1 runed translucent door, qw's ghost, journeyman TrCA


Message History

You mangle the death yak!! Your kick misses the death yak.
The death yak is heavily wounded.
The blink frog blinks!
The spriggan hits you but does no damage.
You claw the death yak!
You kick the death yak, but do no damage.
The death yak is heavily wounded.
The blink frog hits you!
The blink frog blinks!
The yak gores the fungus!
The fungus begins to die.
The death yak gores you!!
You mangle the death yak!!
You kick the death yak, but do no damage.
The death yak is severely wounded.
The blink frog hits you. The spriggan hits you with a +0 rapier.
The elephant trumpets!
You claw the death yak!
You kick the death yak, but do no damage.
The death yak is almost dead.
You hear a shout!
You hear a loud, deep croak! x4
You block the blink frog's attack. The spriggan hits you with a +0 rapier!
A spriggan comes into view. It is wielding a +0 rapier.
The spriggan shouts!
You eviscerate the death yak!!!
You kill the death yak!
Okawaru is honoured by your kill. The blink frog closely misses you.
The blink frog blinks!
The death yak misses you. The death yak gores you!
You block the death yak's attack. The spriggan hits you with a +0 rapier!
Your base Throwing skill increases to level 4!
10786 ||| Stepping ~*~*~tactically~*~*~ (outnumbered).
The death yak attacks as you move away! The death yak gores you!!
A nearby fungus withers and dies.
The blink frog completely misses you. The death yak gores you!
The blink frog blinks!
A spriggan comes into view. It is wielding a +0 short sword.
You block the blink frog's attack.
You see here a death yak corpse.
10787 ||| READING 4 scrolls of teleportation.
As you read the scroll of teleportation, it crumbles to dust.
You feel strangely unstable. The death yak gores you! The death yak gores you!!
You die...

... ..7P77.P.... ..7
.7.7.P7Y.....
..##.............
#....i......>.Y.
##.PFY...........
####.Y.............
#..YiY...##......#
#.FYYiY.....P#.#
#.#@YYYY....<.(#...
#..##F#.............
##. ###.............
P. #........#...#
### ..............!.
........!.......
$..#....##...#..
#........ ...#
###...... ....


You could see 4 death yaks, 3 elephants, 4 yaks, 3 blink frogs and 3 spriggans.

Vanquished Creatures
  5 hydras
  A death yak (Lair:4)
  Urug (Lair:1)
  Pikel (D:5)
  6 elephants (Lair:1)
  2 black mambas (Lair:1)
  4 cane toads
  A rime drake (Lair:2)
  4 komodo dragons
  2 polar bears (Lair:2)
  A meliai (Lair:2)
  8 blink frogs (Lair:2)
  A wyvern (D:8)
  5 fire elementals (Lair:2)
  Eustachio (D:5)
  20 yaks
  A basilisk (Lair:1)
  Grum (D:8)
  Menkaure (D:5)
  11 water moccasins
  An orc warrior (D:7)
  2 ice beasts
  A black bear (D:8)
  An ogre (D:7)
  5 wolves
  A centaur (D:5)
  A phantom (D:6)
  3 kobold brigands
  6 bullfrogs
  A necrophage (D:4)
  7 scorpions
  5 wights (D:7)
  9 killer bees
  2 howler monkeys
  2 orc priests
  4 hounds
  3 jellies
  A gnoll bouda (D:7)
  3 iguanas
  12 orc wizards
  A mummy (D:7)
  11 adders
  4 gnolls (D:7)
  11 river rats (D:6)
  A shadow imp (D:7)
  3 ufetubi
  A worm (D:5)
  5 dart slugs
  37 orcs
  6 endoplasms
  5 giant cockroaches
  10 goblins
  7 hobgoblins
  4 jackals (D:3)
  8 quokkas
  2 ball pythons (D:2)
  14 bats
  3 frilled lizards (D:1)
  17 kobolds
  26 rats
323 creatures vanquished.

Vanquished Creatures (others)
  An orc wizard (D:7)
  An endoplasm (D:5)
  17 fungi
  24 plants
43 creatures vanquished.

Grand Total: 366 creatures vanquished

Notes
Turn   | Place    | Note
-------+----------+-------------------------------------------
     0 | D:1      | qw the Troll Cinder Acolyte began the quest for the Orb.
     0 | D:1      | Reached XP level 1. HP: 22/22 MP: 1/1
     0 | D:1      | 0 ||| qw: Version: 0.1-a-97-g2dd2ca4
     0 | D:1      | 0 ||| qw: Game counter: 4871
     0 | D:1      | 0 ||| qw: Always use a shield: true
     0 | D:1      | 0 ||| qw: God list: Okawaru
     0 | D:1      | 0 ||| qw: Allow faded altars: false
     0 | D:1      | 0 ||| qw: Do Orc after D:15 true
     0 | D:1      | 0 ||| qw: Do second Lair branch before Depths: true
     0 | D:1      | 0 ||| qw: Lair rune preference: random
     0 | D:1      | 0 ||| qw: Plans: Normal
     0 | D:1      | 0 ||| PLANNING D:1-11
   111 | D:1      | 111 ||| Stepping ~*~*~tactically~*~*~ (stealth).
   123 | D:1      | 123 ||| Stepping ~*~*~tactically~*~*~ (stealth).
   129 | D:1      | 129 ||| Stepping ~*~*~tactically~*~*~ (stealth).
   130 | D:1      | 130 ||| Stepping ~*~*~tactically~*~*~ (stealth).
   396 | D:1      | Reached XP level 2. HP: 25/29 MP: 2/2
   723 | D:1      | Reached skill level 4 in Unarmed Combat
   816 | D:1      | 816 ||| Stepping ~*~*~tactically~*~*~ (stealth).
   904 | D:1      | 904 ||| READING 2 scrolls labelled OCZEXE GILIO.
   905 | D:1      | 905 ||| READING scroll labelled WAENOS CIDATY.
   953 | D:2      | 953 ||| Stepping ~*~*~tactically~*~*~ (stealth).
   954 | D:2      | 954 ||| Stepping ~*~*~tactically~*~*~ (stealth).
   956 | D:2      | 956 ||| Stepping ~*~*~tactically~*~*~ (stealth).
   986 | D:2      | Reached XP level 3. HP: 36/36 MP: 3/3
  1283 | D:2      | Found a faded altar of an unknown god.
  1302 | D:2      | 1302 ||| Stepping ~*~*~tactically~*~*~ (outnumbered).
  1566 | D:2      | 1566 ||| READING scroll labelled XOOSU WOSCHAYH.
  1567 | D:2      | 1567 ||| READING scroll labelled RANUITUDUG.
  1668 | D:2      | 1668 ||| DRINKING 3 orange potions.
  1668 | D:2      | Gained mutation: You occasionally lose the ability to read
                  | scrolls when taking damage. [potion of mutation]
  1669 | D:2      | 1669 ||| DRINKING 2 potions of mutation.
  1669 | D:2      | Lost mutation: You occasionally lose the ability to read
                  | scrolls when taking damage. [potion of mutation]
  1669 | D:2      | Gained mutation: You have large cloven feet. [potion of
                  | mutation]
  1669 | D:2      | Gained mutation: You are partially covered in iridescent
                  | scales. (AC +2) [potion of mutation]
  1669 | D:2      | Gained mutation: You are strong-willed. (Will+) [potion of
                  | mutation]
  1670 | D:2      | 1670 ||| DRINKING 2 brown potions.
  1671 | D:2      | 1671 ||| READING 2 scrolls of identify.
  1671 | D:2      | 1671 ||| IDENTIFYING smoky coppery potion
  1672 | D:2      | 1672 ||| DROPPING potion of attraction.
  1908 | D:3      | 1908 ||| Stepping ~*~*~tactically~*~*~ (stealth).
  1911 | D:3      | 1911 ||| Stepping ~*~*~tactically~*~*~ (stealth).
  1936 | D:3      | 1936 ||| FLEEEEING.
  1937 | D:3      | 1937 ||| FLEEEEING.
  1938 | D:3      | 1938 ||| FLEEEEING.
  1939 | D:3      | 1939 ||| FLEEEEING.
  1940 | D:3      | 1940 ||| FLEEEEING.
  1941 | D:3      | 1941 ||| FLEEEEING.
  1942 | D:3      | 1942 ||| FLEEEEING.
  1943 | D:3      | 1943 ||| FLEEEEING.
  1944 | D:3      | 1944 ||| FLEEEEING.
  1945 | D:3      | 1945 ||| FLEEEEING.
  1946 | D:3      | 1946 ||| FLEEEEING.
  1947 | D:3      | 1947 ||| FLEEEEING.
  1948 | D:3      | 1948 ||| FLEEEEING.
  1949 | D:3      | 1949 ||| FLEEEEING.
  1949 | D:3      | HP: 8/36 [poisoned by a kobold]
  1950 | D:3      | 1950 ||| FLEEEEING.
  1951 | D:3      | 1951 ||| FLEEEEING.
  1952 | D:3      | 1952 ||| FLEEEEING.
  1953 | D:3      | 1953 ||| FLEEEEING.
  1954 | D:3      | HP: 6/36 [poisoned by a kobold]
  1958 | D:3      | 1958 ||| FLEEEEING.
  1971 | D:3      | 1971 ||| FLEEEEING.
  1972 | D:3      | 1972 ||| FLEEEEING.
  1973 | D:3      | 1973 ||| FLEEEEING.
  1974 | D:3      | 1974 ||| FLEEEEING.
  1975 | D:3      | 1975 ||| FLEEEEING.
  1976 | D:3      | 1976 ||| FLEEEEING.
  1980 | D:3      | 1980 ||| FLEEEEING.
  1981 | D:3      | 1981 ||| STAIRDANCE
  1990 | D:2      | 1990 ||| READING scroll labelled VIGIED TUARI.
  2003 | D:3      | 2003 ||| Stepping ~*~*~tactically~*~*~ (stealth).
  2004 | D:3      | 2004 ||| Stepping ~*~*~tactically~*~*~ (stealth).
  2010 | D:3      | 2010 ||| Stepping ~*~*~tactically~*~*~ (outnumbered).
  2024 | D:3      | Reached XP level 4. HP: 44/44 MP: 4/4
  2026 | D:3      | 2026 ||| Stepping ~*~*~tactically~*~*~ (stealth).
  2028 | D:3      | 2028 ||| Stepping ~*~*~tactically~*~*~ (outnumbered).
  2030 | D:3      | 2030 ||| Stepping ~*~*~tactically~*~*~ (outnumbered).
  2037 | D:3      | 2037 ||| INVOKING Fiery Armour.
  2039 | D:3      | Reached skill level 5 in Unarmed Combat
  2243 | D:3      | 2243 ||| Stepping ~*~*~tactically~*~*~ (hiding).
  2247 | D:3      | 2247 ||| Stepping ~*~*~tactically~*~*~ (hiding).
  2713 | D:3      | 2713 ||| READING scroll labelled ENTISTR FISU.
  2714 | D:3      | 2714 ||| READING scroll labelled ELUFODGHEMINT.
  2715 | D:3      | 2715 ||| READING scroll labelled VUEJISTAKH.
  2750 | D:4      | 2750 ||| STAIRDANCE
  2761 | D:4      | 2761 ||| STAIRDANCE
  2764 | D:3      | Reached XP level 5. HP: 49/50 MP: 5/5
  2772 | D:4      | 2772 ||| Stepping ~*~*~tactically~*~*~ (hiding).
  2875 | D:4      | 2875 ||| Stepping ~*~*~tactically~*~*~ (stealth).
  2889 | D:4      | Reached skill level 6 in Unarmed Combat
  2968 | D:4      | 2968 ||| Stepping ~*~*~tactically~*~*~ (stealth).
  2972 | D:4      | 2972 ||| Stepping ~*~*~tactically~*~*~ (outnumbered).
  2975 | D:4      | 2975 ||| Stepping ~*~*~tactically~*~*~ (outnumbered).
  2976 | D:4      | 2976 ||| Stepping ~*~*~tactically~*~*~ (outnumbered).
  2978 | D:4      | 2978 ||| Stepping ~*~*~tactically~*~*~ (outnumbered).
  2979 | D:4      | 2979 ||| Stepping ~*~*~tactically~*~*~ (outnumbered).
  2980 | D:4      | 2980 ||| Stepping ~*~*~tactically~*~*~ (hiding).
  2981 | D:4      | 2981 ||| Stepping ~*~*~tactically~*~*~ (outnumbered).
  2982 | D:4      | 2982 ||| Stepping ~*~*~tactically~*~*~ (outnumbered).
  2983 | D:4      | 2983 ||| INVOKING Fiery Armour.
  2993 | D:4      | Reached XP level 6. HP: 55/59 MP: 6/6
  2995 | D:4      | Reached skill level 7 in Unarmed Combat
  3026 | D:4      | 3026 ||| Stepping ~*~*~tactically~*~*~ (outnumbered).
  3072 | D:4      | Found a radiant altar of Vehumet.
  3157 | D:4      | Reached skill level 8 in Unarmed Combat
  3162 | D:4      | 3162 ||| Stepping ~*~*~tactically~*~*~ (outnumbered).
  3208 | D:4      | 3208 ||| Stepping ~*~*~tactically~*~*~ (stealth).
  3209 | D:4      | 3209 ||| Stepping ~*~*~tactically~*~*~ (stealth).
  3253 | D:4      | Reached XP level 7. HP: 66/66 MP: 7/7
  3340 | D:4      | Reached skill level 3 in Fighting
  3378 | D:4      | 3378 ||| UPGRADING to +0 kite shield.
  3383 | D:4      | 3383 ||| UPGRADING to +2 robe of willpower.
  3393 | D:4      | 3393 ||| DROPPING +0 robe.
  3394 | D:4      | 3394 ||| READING 2 scrolls of identify.
  3394 | D:4      | 3394 ||| IDENTIFYING glowing ruby potion
  3395 | D:4      | 3395 ||| DROPPING potion of degeneration.
  3440 | D:5      | Entered Level 5 of the Dungeon
  3443 | D:5      | Found a stormy altar of Qazlal.
  3498 | D:5      | Reached skill level 1 in Shields
  3523 | D:5      | 3523 ||| Stepping ~*~*~tactically~*~*~ (hiding).
  3608 | D:5      | Found a white marble altar of Elyvilon.
  3709 | D:5      | Reached skill level 3 in Shields
  3732 | D:5      | Reached XP level 8. HP: 69/75 MP: 8/8
  3788 | D:5      | Found a staircase to the Ecumenical Temple.
  3809 | D:5      | 3809 ||| Stepping ~*~*~tactically~*~*~ (hiding).
  3903 | D:5      | Noticed Eustachio
  3912 | D:5      | Killed Eustachio
  3948 | D:5      | Noticed Pikel
  3959 | D:5      | 3959 ||| INVOKING Fiery Armour.
  3960 | D:5      | Killed Pikel
  3961 | D:5      | Reached skill level 6 in Shields
  3969 | D:5      | 3969 ||| FLEEEEING.
  4049 | D:5      | 4049 ||| Stepping ~*~*~tactically~*~*~ (hiding).
  4158 | D:5      | Noticed Menkaure
  4159 | D:5      | 4159 ||| Stepping ~*~*~tactically~*~*~ (hiding).
  4162 | D:5      | 4162 ||| Stepping ~*~*~tactically~*~*~ (outnumbered).
  4167 | D:5      | Killed Menkaure
  4169 | D:5      | 4169 ||| Stepping ~*~*~tactically~*~*~ (hiding).
  4194 | D:5      | Reached skill level 9 in Unarmed Combat
  4342 | D:5      | 4342 ||| UPGRADING to amulet of the acrobat.
  4347 | D:5      | 4347 ||| READING scroll labelled ENAVET IDOIWK.
  4348 | D:5      | 4348 ||| READING scroll labelled YBLIMO AROVY.
  4349 | D:5      | 4349 ||| DRINKING 2 metallic grey potions.
  4395 | D:6      | Reached skill level 1 in Throwing
  4427 | D:6      | 4427 ||| Stepping ~*~*~tactically~*~*~ (hiding).
  4438 | D:6      | 4438 ||| Stepping ~*~*~tactically~*~*~ (outnumbered).
  4439 | D:6      | 4439 ||| Stepping ~*~*~tactically~*~*~ (outnumbered).
  4440 | D:6      | 4440 ||| Stepping ~*~*~tactically~*~*~ (outnumbered).
  4441 | D:6      | 4441 ||| Stepping ~*~*~tactically~*~*~ (outnumbered).
  4442 | D:6      | 4442 ||| Stepping ~*~*~tactically~*~*~ (outnumbered).
  4443 | D:6      | 4443 ||| Stepping ~*~*~tactically~*~*~ (outnumbered).
  4444 | D:6      | 4444 ||| Stepping ~*~*~tactically~*~*~ (outnumbered).
  4445 | D:6      | 4445 ||| Stepping ~*~*~tactically~*~*~ (outnumbered).
  4446 | D:6      | 4446 ||| Stepping ~*~*~tactically~*~*~ (outnumbered).
  4447 | D:6      | 4447 ||| Stepping ~*~*~tactically~*~*~ (outnumbered).
  4448 | D:6      | 4448 ||| Stepping ~*~*~tactically~*~*~ (outnumbered).
  4449 | D:6      | 4449 ||| Stepping ~*~*~tactically~*~*~ (outnumbered).
  4481 | D:6      | 4481 ||| Stepping ~*~*~tactically~*~*~ (stealth).
  4483 | D:6      | 4483 ||| Stepping ~*~*~tactically~*~*~ (stealth).
  4499 | D:6      | Reached XP level 9. HP: 81/81 MP: 9/9
  4503 | D:6      | 4503 ||| Stepping ~*~*~tactically~*~*~ (hiding).
  4522 | D:6      | 4522 ||| Stepping ~*~*~tactically~*~*~ (stealth).
  4531 | D:6      | 4531 ||| Stepping ~*~*~tactically~*~*~ (stealth).
  4538 | D:6      | 4538 ||| INVOKING Fiery Armour.
  4550 | D:6      | Reached skill level 1 in Dodging
  4559 | D:6      | 4559 ||| Stepping ~*~*~tactically~*~*~ (stealth).
  4581 | D:6      | 4581 ||| Stepping ~*~*~tactically~*~*~ (outnumbered).
  4582 | D:6      | 4582 ||| Stepping ~*~*~tactically~*~*~ (outnumbered).
  4625 | D:6      | 4625 ||| Stepping ~*~*~tactically~*~*~ (stealth).
  4641 | D:6      | 4641 ||| Stepping ~*~*~tactically~*~*~ (stealth).
  4645 | D:6      | 4645 ||| INVOKING Fiery Armour.
  4751 | D:6      | 4751 ||| FLEEEEING.
  4752 | D:6      | 4752 ||| FLEEEEING.
  4753 | D:6      | 4753 ||| FLEEEEING.
  4754 | D:6      | 4754 ||| FLEEEEING.
  4755 | D:6      | 4755 ||| FLEEEEING.
  4756 | D:6      | 4756 ||| FLEEEEING.
  4757 | D:6      | 4757 ||| FLEEEEING.
  4758 | D:6      | 4758 ||| FLEEEEING.
  4759 | D:6      | 4759 ||| STAIRDANCE
  4892 | D:6      | 4892 ||| Stepping ~*~*~tactically~*~*~ (stealth).
  4913 | D:6      | 4913 ||| Stepping ~*~*~tactically~*~*~ (stealth).
  4914 | D:6      | 4914 ||| Stepping ~*~*~tactically~*~*~ (stealth).
  4968 | D:6      | 4968 ||| Stepping ~*~*~tactically~*~*~ (stealth).
  4973 | D:6      | 4973 ||| Stepping ~*~*~tactically~*~*~ (stealth).
  5103 | D:6      | Reached skill level 10 in Unarmed Combat
  5220 | D:6      | 5220 ||| READING scroll labelled QIUDGHI AROHAM.
  5221 | D:6      | 5221 ||| DRINKING 2 fizzy orange potions.
  5282 | D:7      | 5282 ||| STAIRDANCE
  5287 | D:7      | 5287 ||| STAIRDANCE
  5304 | D:7      | 5304 ||| STAIRDANCE
  5391 | D:7      | Found a snail-covered altar of Cheibriados.
  5430 | D:7      | 5430 ||| FLEEEEING.
  5431 | D:7      | 5431 ||| FLEEEEING.
  5434 | D:7      | 5434 ||| FLEEEEING.
  5435 | D:7      | 5435 ||| FLEEEEING.
  5439 | D:7      | 5439 ||| Stepping ~*~*~tactically~*~*~ (hiding).
  5445 | D:7      | 5445 ||| Stepping ~*~*~tactically~*~*~ (outnumbered).
  5448 | D:7      | 5448 ||| INVOKING Fiery Armour.
  5453 | D:7      | 5453 ||| Stepping ~*~*~tactically~*~*~ (outnumbered).
  5464 | D:7      | Noticed a komodo dragon
  5473 | D:7      | 5473 ||| Stepping ~*~*~tactically~*~*~ (outnumbered).
  5474 | D:7      | 5474 ||| Stepping ~*~*~tactically~*~*~ (outnumbered).
  5489 | D:7      | Killed a komodo dragon
  5495 | D:7      | 5495 ||| Stepping ~*~*~tactically~*~*~ (outnumbered).
  5616 | D:7      | Identified the +5 flail of Resourcefulness {protect, rPois}
  5941 | D:7      | Found an ornate altar of the Wu Jian Council.
  6003 | D:7      | 6003 ||| Stepping ~*~*~tactically~*~*~ (stealth).
  6088 | D:7      | Reached XP level 10. HP: 90/94 MP: 10/10
  6403 | D:7      | 6403 ||| UPGRADING to +4 robe of Augmentation {Str+4 Int+4
                  | Dex+4}.
  6413 | D:7      | 6413 ||| DROPPING +2 robe of willpower.
  6414 | D:7      | 6414 ||| READING scroll labelled FIRPHO COMOMEB.
  6415 | D:7      | 6415 ||| DRINKING 2 bubbling ruby potions.
  6416 | D:7      | 6416 ||| READING 3 scrolls of identify.
  6416 | D:7      | 6416 ||| IDENTIFYING black potion
  6417 | D:7      | 6417 ||| READING 2 scrolls of identify.
  6417 | D:7      | 6417 ||| IDENTIFYING sedimented purple potion
  6418 | D:7      | 6418 ||| DROPPING potion of brilliance.
  6419 | D:7      | 6419 ||| DROPPING potion of ambrosia.
  6420 | D:7      | 6420 ||| DROPPING potion of invisibility.
  6429 | D:8      | Found a staircase to the Lair.
  6453 | D:8      | 6453 ||| Stepping ~*~*~tactically~*~*~ (stealth).
  6609 | D:8      | Reached skill level 11 in Unarmed Combat
  6650 | D:8      | 6650 ||| INVOKING Fiery Armour.
  6652 | D:8      | 6652 ||| Stepping ~*~*~tactically~*~*~ (outnumbered).
  6653 | D:8      | 6653 ||| Stepping ~*~*~tactically~*~*~ (outnumbered).
  6654 | D:8      | 6654 ||| Stepping ~*~*~tactically~*~*~ (outnumbered).
  6655 | D:8      | 6655 ||| Stepping ~*~*~tactically~*~*~ (outnumbered).
  6656 | D:8      | 6656 ||| Stepping ~*~*~tactically~*~*~ (outnumbered).
  6657 | D:8      | 6657 ||| Stepping ~*~*~tactically~*~*~ (outnumbered).
  6658 | D:8      | 6658 ||| Stepping ~*~*~tactically~*~*~ (outnumbered).
  6667 | D:8      | 6667 ||| Stepping ~*~*~tactically~*~*~ (outnumbered).
  6750 | D:8      | 6750 ||| Stepping ~*~*~tactically~*~*~ (stealth).
  6751 | D:8      | 6751 ||| Stepping ~*~*~tactically~*~*~ (stealth).
  6755 | D:8      | 6755 ||| Stepping ~*~*~tactically~*~*~ (outnumbered).
  6756 | D:8      | 6756 ||| Stepping ~*~*~tactically~*~*~ (outnumbered).
  6757 | D:8      | 6757 ||| INVOKING Fiery Armour.
  6758 | D:8      | 6758 ||| Stepping ~*~*~tactically~*~*~ (outnumbered).
  6759 | D:8      | 6759 ||| Stepping ~*~*~tactically~*~*~ (outnumbered).
  6762 | D:8      | 6762 ||| Stepping ~*~*~tactically~*~*~ (outnumbered).
  6763 | D:8      | 6763 ||| Stepping ~*~*~tactically~*~*~ (outnumbered).
  6764 | D:8      | 6764 ||| Stepping ~*~*~tactically~*~*~ (outnumbered).
  6765 | D:8      | 6765 ||| Stepping ~*~*~tactically~*~*~ (outnumbered).
  6767 | D:8      | 6767 ||| Stepping ~*~*~tactically~*~*~ (outnumbered).
  6768 | D:8      | 6768 ||| Stepping ~*~*~tactically~*~*~ (outnumbered).
  6769 | D:8      | 6769 ||| Stepping ~*~*~tactically~*~*~ (outnumbered).
  6770 | D:8      | 6770 ||| Stepping ~*~*~tactically~*~*~ (outnumbered).
  6771 | D:8      | 6771 ||| Stepping ~*~*~tactically~*~*~ (outnumbered).
  6772 | D:8      | 6772 ||| Stepping ~*~*~tactically~*~*~ (outnumbered).
  6773 | D:8      | 6773 ||| Stepping ~*~*~tactically~*~*~ (outnumbered).
  6774 | D:8      | 6774 ||| Stepping ~*~*~tactically~*~*~ (outnumbered).
  6775 | D:8      | 6775 ||| Stepping ~*~*~tactically~*~*~ (outnumbered).
  6776 | D:8      | 6776 ||| Stepping ~*~*~tactically~*~*~ (outnumbered).
  6777 | D:8      | 6777 ||| Stepping ~*~*~tactically~*~*~ (outnumbered).
  6780 | D:8      | 6780 ||| Stepping ~*~*~tactically~*~*~ (outnumbered).
  6814 | D:8      | Noticed Grum
  6824 | D:8      | Killed Grum
  6825 | D:8      | Reached skill level 9 in Shields
  7158 | D:8      | 7158 ||| PLANNING LAIR
  7158 | D:8      | 7158 ||| READING scroll labelled QUIMOTECADE.
  7158 | D:8      | Identified a scroll of acquirement
  7158 | D:8      | 7158 ||| ACQUIRING +1 cloak of willpower
  7158 | D:8      | Acquired a +1 cloak of willpower
  7160 | D:8      | 7160 ||| UPGRADING to +1 cloak of willpower.
  7213 | Lair:1   | Entered Level 1 of the Lair of Beasts
  7232 | Lair:1   | Noticed a five-headed hydra
  7233 | Lair:1   | 7233 ||| INVOKING Fiery Armour.
  7242 | Lair:1   | Killed a seven-headed hydra
  7315 | Lair:1   | Noticed a black mamba
  7324 | Lair:1   | Killed a black mamba
  7325 | Lair:1   | Reached skill level 12 in Unarmed Combat
  7477 | Lair:1   | Noticed a moth of wrath
  7520 | Lair:1   | Noticed a cane toad
  7528 | Lair:1   | Killed a cane toad
  7537 | Lair:1   | Found a transporter.
  7540 | Lair:1   | Noticed qw's ghost (novice TeWr)
  7540 | Lair:1   | Noticed a moth of wrath
  7547 | Lair:1   | Noticed a cane toad
  7548 | Lair:1   | 7548 ||| Stepping ~*~*~tactically~*~*~ (stealth).
  7558 | Lair:1   | Killed a cane toad
  7585 | Lair:1   | Found a transporter.
  7585 | Lair:1   | Noticed Urug
  7586 | Lair:1   | 7586 ||| INVOKING Fiery Armour.
  7597 | Lair:1   | Killed Urug
  7597 | Lair:1   | HP: 20/96 [poisoned by Urug]
  7598 | Lair:1   | Reached XP level 11. HP: 21/102 MP: 11/11
  7598 | Lair:1   | 7598 ||| DRINKING 4 potions of curing.
  7598 | Lair:1   | 7598 ||| (to cure poison)
  7808 | Lair:1   | Found a blossoming altar of Fedhas.
  7989 | Lair:1   | 7989 ||| Stepping ~*~*~tactically~*~*~ (stealth).
  7992 | Lair:1   | 7992 ||| Stepping ~*~*~tactically~*~*~ (stealth).
  7997 | Lair:1   | Reached skill level 3 in Throwing
  8003 | Lair:1   | 8003 ||| Stepping ~*~*~tactically~*~*~ (outnumbered).
  8004 | Lair:1   | 8004 ||| Stepping ~*~*~tactically~*~*~ (outnumbered).
  8005 | Lair:1   | 8005 ||| Stepping ~*~*~tactically~*~*~ (outnumbered).
  8006 | Lair:1   | 8006 ||| Stepping ~*~*~tactically~*~*~ (outnumbered).
  8007 | Lair:1   | 8007 ||| Stepping ~*~*~tactically~*~*~ (outnumbered).
  8008 | Lair:1   | 8008 ||| Stepping ~*~*~tactically~*~*~ (outnumbered).
  8010 | Lair:1   | Reached skill level 13 in Unarmed Combat
  8012 | Lair:1   | Reached skill level 1 in Armour
  8067 | Lair:1   | 8067 ||| Stepping ~*~*~tactically~*~*~ (stealth).
  8401 | Lair:2   | Found a staircase to the Swamp.
  8401 | Lair:2   | Found a hole to the Spider Nest.
  8402 | Lair:2   | 8402 ||| INVOKING Fiery Armour.
  8409 | Lair:2   | 8409 ||| Stepping ~*~*~tactically~*~*~ (outnumbered).
  8410 | Lair:2   | 8410 ||| Stepping ~*~*~tactically~*~*~ (outnumbered).
  8413 | Lair:2   | 8413 ||| Stepping ~*~*~tactically~*~*~ (outnumbered).
  8500 | Lair:2   | 8500 ||| Stepping ~*~*~tactically~*~*~ (outnumbered).
  8573 | Lair:2   | 8573 ||| INVOKING Fiery Armour.
  8584 | Lair:2   | 8584 ||| Stepping ~*~*~tactically~*~*~ (outnumbered).
  8598 | Lair:2   | Reached skill level 14 in Unarmed Combat
  8664 | Lair:2   | 8664 ||| PLANNING TEMPLE
  8686 | Lair:2   | 8686 ||| Stepping ~*~*~tactically~*~*~ (stealth).
  8687 | Lair:2   | 8687 ||| Stepping ~*~*~tactically~*~*~ (stealth).
  8688 | Lair:2   | 8688 ||| Stepping ~*~*~tactically~*~*~ (stealth).
  8859 | Temple   | Entered the Ecumenical Temple
  8859 | Temple   | Found a transporter.
  8859 | Temple   | Found a transporter.
  8861 | Temple   | Found a transporter.
  8861 | Temple   | Found a transporter.
  8870 | Temple   | 8870 ||| PLANNING CONVERSION TO OKAWARU
  8877 | Temple   | Fell from the grace of Ignis
  8877 | Temple   | Became a worshipper of Warmaster Okawaru
  8878 | Temple   | 8878 ||| PLANNING LAIR
  9108 | Lair:2   | 9108 ||| Stepping ~*~*~tactically~*~*~ (stealth).
  9114 | Lair:2   | 9114 ||| Stepping ~*~*~tactically~*~*~ (hiding).
  9123 | Lair:2   | Reached skill level 6 in Fighting
  9146 | Lair:2   | Reached * piety under Okawaru
  9147 | Lair:2   | 9147 ||| INVOKING Heroism.
  9151 | Lair:2   | Reached XP level 12. HP: 114/114 MP: 9/12
  9177 | Lair:2   | You fall into a shaft and drop 2 floors!
  9179 | Lair:4   | 9179 ||| INVOKING Heroism.
  9190 | Lair:4   | Reached skill level 1 in Invocations
  9273 | Lair:2   | Noticed a six-headed hydra
  9274 | Lair:2   | 9274 ||| INVOKING Heroism.
  9287 | Lair:2   | 9287 ||| INVOKING Heroism.
  9293 | Lair:2   | Killed an eight-headed hydra
  9365 | Lair:2   | 9365 ||| Stepping ~*~*~tactically~*~*~ (stealth).
  9368 | Lair:2   | 9368 ||| Stepping ~*~*~tactically~*~*~ (outnumbered).
  9371 | Lair:2   | 9371 ||| Stepping ~*~*~tactically~*~*~ (outnumbered).
  9372 | Lair:2   | 9372 ||| Stepping ~*~*~tactically~*~*~ (outnumbered).
  9373 | Lair:2   | 9373 ||| Stepping ~*~*~tactically~*~*~ (outnumbered).
  9374 | Lair:2   | 9374 ||| Stepping ~*~*~tactically~*~*~ (outnumbered).
  9375 | Lair:2   | 9375 ||| Stepping ~*~*~tactically~*~*~ (outnumbered).
  9376 | Lair:2   | 9376 ||| Stepping ~*~*~tactically~*~*~ (outnumbered).
  9377 | Lair:2   | 9377 ||| Stepping ~*~*~tactically~*~*~ (outnumbered).
  9379 | Lair:2   | 9379 ||| Stepping ~*~*~tactically~*~*~ (outnumbered).
  9380 | Lair:2   | 9380 ||| Stepping ~*~*~tactically~*~*~ (outnumbered).
  9381 | Lair:2   | 9381 ||| Stepping ~*~*~tactically~*~*~ (outnumbered).
  9382 | Lair:2   | 9382 ||| Stepping ~*~*~tactically~*~*~ (outnumbered).
  9383 | Lair:2   | 9383 ||| Stepping ~*~*~tactically~*~*~ (outnumbered).
  9384 | Lair:2   | 9384 ||| Stepping ~*~*~tactically~*~*~ (outnumbered).
  9536 | Lair:2   | Noticed a six-headed hydra
  9540 | Lair:2   | 9540 ||| INVOKING Heroism.
  9544 | Lair:2   | Killed a nine-headed hydra
  9597 | Lair:2   | 9597 ||| Stepping ~*~*~tactically~*~*~ (stealth).
  9599 | Lair:2   | 9599 ||| Stepping ~*~*~tactically~*~*~ (stealth).
  9600 | Lair:2   | 9600 ||| Stepping ~*~*~tactically~*~*~ (stealth).
  9604 | Lair:2   | Reached skill level 3 in Invocations
  9682 | Lair:2   | Noticed a six-headed hydra
  9683 | Lair:2   | 9683 ||| INVOKING Heroism.
  9690 | Lair:2   | Killed a nine-headed hydra
  9885 | Lair:2   | 9885 ||| Stepping ~*~*~tactically~*~*~ (outnumbered).
  9944 | Lair:2   | 9944 ||| READING 2 scrolls of identify.
  9944 | Lair:2   | 9944 ||| IDENTIFYING bubbling emerald potion
  9945 | Lair:2   | 9945 ||| DROPPING potion of berserk rage.
 10023 | Lair:3   | Noticed a five-headed hydra
 10024 | Lair:3   | 10024 ||| INVOKING Heroism.
 10028 | Lair:3   | Killed a six-headed hydra
 10028 | Lair:3   | Reached ** piety under Okawaru
 10040 | Lair:3   | Found a runed translucent door.
 10120 | Lair:3   | Found a shimmering altar of Xom.
 10120 | Lair:3   | Noticed qw's ghost (journeyman TrCA)
 10240 | Lair:3   | 10240 ||| Stepping ~*~*~tactically~*~*~ (stealth).
 10244 | Lair:3   | 10244 ||| INVOKING Heroism.
 10751 | Lair:3   | 10751 ||| READING scroll labelled YCUOKHE YCWA.
 10759 | Lair:4   | 10759 ||| Stepping ~*~*~tactically~*~*~ (stealth).
 10760 | Lair:4   | 10760 ||| INVOKING Heroism.
 10761 | Lair:4   | 10761 ||| Stepping ~*~*~tactically~*~*~ (stealth).
 10767 | Lair:4   | Reached skill level 15 in Unarmed Combat
 10769 | Lair:4   | Noticed a death yak
 10772 | Lair:4   | Noticed a death yak
 10773 | Lair:4   | 10773 ||| Stepping ~*~*~tactically~*~*~ (outnumbered).
 10773 | Lair:4   | Noticed a death yak
 10774 | Lair:4   | 10774 ||| Stepping ~*~*~tactically~*~*~ (outnumbered).
 10774 | Lair:4   | Noticed a death yak
 10774 | Lair:4   | Noticed a death yak
 10775 | Lair:4   | 10775 ||| Stepping ~*~*~tactically~*~*~ (outnumbered).
 10777 | Lair:4   | 10777 ||| Stepping ~*~*~tactically~*~*~ (outnumbered).
 10778 | Lair:4   | 10778 ||| Stepping ~*~*~tactically~*~*~ (outnumbered).
 10779 | Lair:4   | 10779 ||| Stepping ~*~*~tactically~*~*~ (outnumbered).
 10780 | Lair:4   | 10780 ||| Stepping ~*~*~tactically~*~*~ (outnumbered).
 10785 | Lair:4   | Killed a death yak
 10786 | Lair:4   | 10786 ||| Stepping ~*~*~tactically~*~*~ (outnumbered).
 10786 | Lair:4   | HP: 24/114 [death yak (8)]
 10787 | Lair:4   | 10787 ||| READING 4 scrolls of teleportation.
 10787 | Lair:4   | HP: 8/114 [death yak (17)]
 10787 | Lair:4   | Mangled by a death yak

Levels and vault maps discovered:
D:1:      minmay_arrival_plants_in_alcoves, layout_loops_corners,
          minmay_tromino_v4_a
D:2:      layout_basic, hellmonk_ecumenical_altar_heavens_door
D:3:      layout_basic, nicolae_elevator_lobby_asterisk
D:4:      old_forge, layout_rooms, lemuel_doored_altar
D:5:      layout_loops_ring, nicolae_qazlal_eye_of_the_storm, elyvilon_altar_4,
          minmay_temple_entry_mist, hangedman_minor_gate_pass, uniq_eustachio,
          uniq_menkaure, uniq_pikel
D:6:      lemuel_ratsnest, layout_basic
D:7:      minmay_flawed_box, layout_basic, chei_slow_surprise, kennysheep_mini,
          enter_bailey_5
D:8:      layout_gridville, lair_entry_dummy, uniq_grum
Temple:   hellmonk_temple_divided_pantheon
Lair:1:   layout_regular_city, basic_altar, serial_forest,
          infiniplex_forest_lined_3_way, infiniplex_forest_lined_1,
          infiniplex_forest_lined_2, infiniplex_forest_clump_curved,
          gammafunk_ghost_berserking_beasts, grunt_forest_small_clearing_treed,
          lemuel_fruit_fields, lemuel_fruit_tree, uniq_urug
Lair:2:   layout_regular_city, swamp_mist, hellmonk_spider_entry_not_the_bees,
          st_stairs_7
Lair:3:   layout_regular_city, ebering_ghost_xom
Lair:4:   layout_misc_corridors, wad_woods_02, uniq_rupert

Skill      XL: |  1  2  3  4  5  6  7  8  9 10 11 12 |
---------------+-------------------------------------+-----
Unarmed Combat | 4 5 6 8 9 10 12 14 15 | 15.0
Fighting       | 3 4 5 6 |  6.0
Shields        | 4 6 8 9 10 | 10.0
Throwing       | 1 3 4 |  4.3
Dodging        | 1 2 |  2.0
Armour         | 1 |  1.3
Invocations    | 4 |  4.0
Spellcasting   | |  1.0
Fire Magic     | |  2.1

Action                   |  1- 3 |  4- 6 |  7- 9 | 10-12 || total
-------------------------+-------+-------+-------+-------++-------
Melee: Unarmed           |   123 |    92 |   306 |   320 ||   841
       Punch             |     4 |     1 |       |       ||     5
       Kick              |     3 |    15 |    46 |    85 ||   149
Throw: Boomerang         |       |       |    59 |    57 ||   116
       Javelin           |       |       |       |    46 ||    46
Invok: Fiery Armour      |       |     2 |     4 |     6 ||    12
       Heroism           |       |       |       |     9 ||     9
  Use: Scroll            |     6 |     3 |     4 |     7 ||    20
       Potion            |     3 |       |     2 |     2 ||     7
Armor: Robe              |    33 |    52 |   130 |    99 ||   314
Dodge: Dodged            |    58 |    42 |    91 |   120 ||   311
Block: Kite shield       |       |       |    84 |   133 ||   217

Table legend:
 A = Non-vault XP
 B = Vault XP
 C = Vault XP percentage of total XP
 D = Non-vault monster count
 E = Vault monster count
 F = Vault count percentage of total count
                 A         B        C        D         E       F
            +---------+---------+-------+---------+---------+-------
      Total |   25643 |    3528 |  12.1 |     241 |      78 |  24.5
            +---------+---------+-------+---------+---------+-------
        D:1 |      27 |       4 |  12.9 |      17 |       4 |  19.0
        D:2 |      23 |       0 |   0.0 |      15 |       0 |   0.0
        D:3 |     156 |       0 |   0.0 |      32 |       0 |   0.0
        D:4 |     441 |     267 |  37.7 |      21 |       8 |  27.6
        D:5 |     713 |    1060 |  59.8 |      16 |      11 |  40.7
        D:6 |     904 |     173 |  16.1 |      30 |      34 |  53.1
        D:7 |    2025 |     231 |  10.2 |      32 |      12 |  27.3
        D:8 |    1630 |     418 |  20.4 |      17 |       3 |  15.0
     Lair:1 |    6771 |     794 |  10.5 |      18 |       1 |   5.3
     Lair:2 |    9484 |     581 |   5.8 |      32 |       5 |  13.5
     Lair:3 |    1961 |       0 |   0.0 |       7 |       0 |   0.0
     Lair:4 |    1508 |       0 |   0.0 |       4 |       0 |   0.0
            +---------+---------+-------+---------+---------+-------
